 Dungeon Crawl Stone Soup version 0.31.0-9-g3a7656b989 (webtiles) character file.

Game seed: 14538790811333367933

56439 qw the Markself (level 14, -4/86 HPs)
             Began as a Deep Elf Hunter on Feb 2, 2024.
             Was the Champion of Okawaru.
             Slain by an eight-headed hydra (7 damage)
             ... on level 14 of the Dungeon.
             The game lasted 00:01:55 (15290 turns).

qw the Markself (Deep Elf Hunter)                  Turns: 15290, Time: 00:01:56

Health: -4/86      AC: 13    Str: 15    XL:     14   Next: 42%
Magic:  23/23      EV: 27    Int: 13    God:    Okawaru [******]
Gold:   791        SH:  0    Dex: 27    Spells: 13/13 levels left

rFire   . . .        u - +4 longbow (elec)
rCold   . . .        (shield currently unavailable)
rNeg    . . .        p - +0 acid dragon scales
rPois   .            (no helmet)
rElec   .            (no cloak)
rCorr   +            t - +0 pair of gloves "Fiseraz" {Str+3 Int-3 Dex+3 Slay+4}
SInv    .            k - +0 pair of boots
Will    +....        j - amulet of regeneration
Stlth   ++           h - +6 ring of dexterity
HPRegen 1.14/turn    f - +4 ring of protection
MPRegen 0.18/turn

%: no passive effects
@: about to teleport
A: no striking features
a: Renounce Religion, Heroism, Finesse, Duel


You were on level 14 of the Dungeon.
You worshipped Okawaru.
Okawaru was exalted by your worship.
You visited 3 branches of the dungeon, and saw 20 of its levels.
You also visited: Ossuary.

You collected 1641 gold pieces.
You spent 850 gold pieces at shops.


   Skills:
 - Level 9.0 Fighting
 - Level 20.0 Ranged Weapons
 - Level 5.0 Armour
 + Level 16.9 Dodging
 - Level 1.2 Stealth
 - Level 10.0 Invocations


You had 13 spell levels left.
You didn't know any spells.
Your spell library was empty.

Inventory:

Hand Weapons
 u - a +4 longbow of electrocution (weapon)
Armour
 k - a +0 pair of boots (worn)
 p - +0 acid dragon scales (worn)
 t - the +0 pair of gloves "Fiseraz" (worn) {Str+3 Int-3 Dex+3 Slay+4}
   (Okawaru gifted it to you on level 5 of the Lair of Beasts)

   Str+3:     It affects your strength (+3).
   Int-3:     It affects your intelligence (-3).
   Dex+3:     It affects your dexterity (+3).
   Slay+4:    It affects your accuracy & damage with ranged weapons and melee
   (+4).
Jewellery
 f - a +4 ring of protection (right hand)
 h - a +6 ring of dexterity (left hand)
 j - an amulet of regeneration (around neck)
Wands
 a - a wand of quicksilver (3)
 c - a wand of paralysis (6)
 d - a wand of iceblast (31)
 i - a wand of polymorph (13)
 q - a wand of digging (13)
Scrolls
 b - 7 scrolls of teleportation
 l - 4 scrolls of identify
Potions
 e - 13 potions of curing
 g - a potion of heal wounds
 m - 4 potions of might
 n - 2 potions of mutation
 o - 4 potions of haste
 r - 3 potions of enlightenment

Dungeon Overview and Level Annotations

Branches:
Dungeon (14/15)            Temple (1/1) D:5            Lair (5/5) D:10
  Swamp (0/4) Lair:2        Snake (0/4) Lair:2        Slime (0/5) Lair:4
    Orc (0/2) D:9          Vaults (0/5) D:14        Ossuary (visited)

Altars:
Ashenzari
Cheibriados
Dithmenos
Elyvilon
Fedhas
Gozag
Hepliaklqana
Kikubaaqudgha
Makhleb
Nemelex Xobeh
Okawaru
Qazlal
Ru
Sif Muna
Trog
Uskayaw
Vehumet
Wu Jian
Xom
Yredelemnul
Zin
The Shining One
Jiyva

Shops:
D:5 =   D:10 !   D:11 :

Annotations:
Lair:1 2 transporters, qw's ghost, journeyman DEHu
Lair:2 3 runed translucent doors, qw's ghost, journeyman GrHu
Lair:5 2 runed translucent doors


Message History

The tengu warrior completely misses you.
The eight-headed hydra barely misses you.
The eight-headed hydra bites you! The eight-headed hydra misses you.
The eight-headed hydra completely misses you.
The eight-headed hydra barely misses you. x2
The eight-headed hydra completely misses you.
The eight-headed hydra bites you but does no damage.
You shoot an arrow. The tengu warrior blocks the arrow.
The tengu warrior hits you with a +0 war axe!
The tengu warrior closely misses you.
The tengu warrior claws you but does no damage.
The eight-headed hydra misses you.
The eight-headed hydra completely misses you.
The eight-headed hydra bites you!
The eight-headed hydra closely misses you.
The eight-headed hydra completely misses you. x3
The eight-headed hydra misses you.
You shoot an arrow. The tengu warrior blocks the arrow.
The tengu warrior hits you with a +0 war axe!
The tengu warrior pecks you but does no damage.
The tengu warrior closely misses you.
The eight-headed hydra completely misses you.
The eight-headed hydra barely misses you.
The eight-headed hydra bites you but does no damage.
The eight-headed hydra bites you.
The eight-headed hydra closely misses you.
The eight-headed hydra completely misses you.
The eight-headed hydra closely misses you.
The eight-headed hydra bites you but does no damage.
15290 ||| READING 8 scrolls of teleportation.
As you read the scroll of teleportation, it crumbles to dust.
You feel strangely unstable.
The tengu warrior hits you with a +0 war axe!
The tengu warrior pecks you. The tengu warrior misses you.
The deep elf pyromancer completely misses you.
The eight-headed hydra completely misses you. x2
The eight-headed hydra misses you.
The eight-headed hydra completely misses you.
The eight-headed hydra bites you!
You die...

#...~~## ##¤¤.
#....¤~## ##¤~¤
#.....~~# #¤¤.¤
#......¤~ #~..
#......¤ #~..
#.....~ +..#
#####¤¤ +eD#####
#####¤. #~@....##
##.....¤
#~Q.....####......¤
#~~......##......~¤
##~~.....##.....~~#
##¤~....##...¤~¤##
##¤~¤.¤##...¤¤##
##¤~......~¤####
##~~~..¤~¤###..
####++#### .#


You could see an eight-headed hydra, a tengu warrior and a deep elf pyromancer.

Vanquished Creatures
  An eleionoma (Lair:2)
  An ettin (D:14)
  Fannar (D:11)
  3 hydras
  A boulder beetle (Lair:3)
  A centaur warrior (D:14)
  2 catoblepae
  2 two-headed ogres (D:7)
  Urug (Lair:5)
  A skyshark (Lair:5)
  2 arcanists
  Pikel (D:4)
  4 deep elf pyromancers
  A lindwurm (Lair:5)
  2 ugly things (D:13)
  3 manticores
  4 cyclopes
  5 elephants (Lair:2)
  A guardian serpent (Lair:2)
  A torpor snail (Lair:3)
  2 molten gargoyles (Lair:5)
  6 black mambas
  8 cane toads
  Maggie (Lair:1)
  Jeremiah (D:9)
  A gargoyle (D:10)
  21 komodo dragons
  2 rime drakes (Lair:4)
  A tengu conjurer (D:14)
  Psyche (D:9)
  A hornet (D:10)
  5 trolls
  12 blink frogs
  17 dream sheep
  3 polar bears
  3 slime creatures (D:13)
  Sigmund (D:4)
  A shadow (D:10)
  2 wraiths
  49 yaks
  2 vampires (D:11)
  5 wyverns
  6 basilisks
  3 steam dragons
  7 vampire mosquitoes
  Menkaure (D:7)
  2 acid dragons
  11 water moccasins
  3 hell hounds (Lair:5)
  6 orc warriors
  2 black bears
  2 sky beasts
  2 boggarts (D:7)
  An ogre (D:5)
  3 centaurs
  12 wolves
  A phantom (D:5)
  A weeping skull (D:3)
  2 kobold brigands (D:7)
  10 bullfrogs
  A gnoll sergeant (D:8)
  6 scorpions
  13 wights
  11 killer bees
  2 howler monkeys (D:9)
  8 electric eels
  7 lava snakes
  4 hounds
  9 orc priests
  A jelly (D:7)
  4 sleepcaps
  Terence (D:2)
  3 iguanas
  11 orc wizards
  8 mummies (Ossuary)
  4 gnolls (D:8)
  9 adders
  A shadow imp (D:8)
  12 white imps (Lair:3)
  An ufetubus (D:6)
  2 ribbon worms
  3 dart slugs
  45 orcs
  11 bats
  6 endoplasms
  4 giant cockroaches
  4 goblins
  3 hobgoblins
  17 kobolds
  3 quokkas
  5 ball pythons
  2 gnoll zombies (Ossuary)
  3 hobgoblin zombies (Ossuary)
  2 kobold zombies (Ossuary)
  An orc zombie (Ossuary)
  4 rats (D:2)
  2 rat zombies (D:6)
  A spectral orc (D:3)
492 creatures vanquished.

Vanquished Creatures (others)
  An arcanist (D:9)
  An orc (D:10)
2 creatures vanquished.

Grand Total: 494 creatures vanquished

Notes
Turn   | Place    | Note
-------+----------+-------------------------------------------
     0 | D:1      | qw the Deep Elf Hunter began the quest for the Orb.
     0 | D:1      | Reached XP level 1. HP: 12/12 MP: 3/3
     0 | D:1      | 0 ||| qw: Version: 0.3-a-155-g5e7d8dd
     0 | D:1      | 0 ||| qw: Game counter: 899
     0 | D:1      | 0 ||| qw: Melee chars always use a shield: true
     0 | D:1      | 0 ||| qw: God list: Okawaru
     0 | D:1      | 0 ||| qw: Allow faded altars: false
     0 | D:1      | 0 ||| qw: Do Orc after clearing Dungeon:15 true
     0 | D:1      | 0 ||| qw: Do second Lair branch before Depths: true
     0 | D:1      | 0 ||| qw: Lair rune preference: random
     0 | D:1      | 0 ||| qw: Goals: Normal
     0 | D:1      | 0 ||| PLANNING D:1-11
   260 | D:1      | 260 ||| SWAPPING to +0 arbalest.
   261 | D:1      | 261 ||| DROPPING +0 shortbow.
   554 | D:1      | 554 ||| UPGRADING to +0 scale mail.
   564 | D:1      | 564 ||| DROPPING +0 leather armour.
   565 | D:1      | 565 ||| UPGRADING to +6 ring of dexterity.
   566 | D:1      | 566 ||| READING scroll labelled LORGHO BIHAOGH.
   567 | D:1      | 567 ||| READING scroll labelled XARCHI AMMAXOMY.
   668 | D:1      | 668 ||| DRINKING 2 inky potions.
   669 | D:1      | 669 ||| DROPPING scroll of butterflies.
   714 | D:2      | Reached skill level 6 in Ranged Weapons
   714 | D:2      | Reached XP level 2. HP: 16/16 MP: 4/4
   832 | D:2      | Found an ancient bone altar of Kikubaaqudgha.
   932 | D:2      | Noticed Terence
   937 | D:2      | Killed Terence
   938 | D:2      | Reached skill level 7 in Ranged Weapons
   938 | D:2      | Reached XP level 3. HP: 7/20 MP: 5/5
  1265 | D:2      | Reached XP level 4. HP: 25/25 MP: 6/6
  1522 | D:2      | 1522 ||| UPGRADING to +0 ring mail.
  1532 | D:2      | 1532 ||| DROPPING +0 scale mail.
  1533 | D:2      | 1533 ||| UPGRADING to +0 pair of boots.
  1538 | D:2      | 1538 ||| UPGRADING to +4 ring of protection.
  1539 | D:2      | 1539 ||| READING 2 scrolls labelled GECVAEVIVU.
  1544 | D:2      | 1544 ||| READING scroll labelled XOYFAM FAEGE.
  1545 | D:2      | 1545 ||| READING scroll labelled ELOCIA XI BUAH.
  1546 | D:2      | 1546 ||| READING scroll labelled WAPLOTUDIDI.
  1638 | D:3      | Found a faded altar of an unknown god.
  1648 | D:3      | Identified the +11 falchion of Sloth {elec, rF++}
  1707 | D:3      | Found a glowing golden altar of the Shining One.
  1845 | D:3      | Reached skill level 8 in Ranged Weapons
  1854 | D:3      | Reached skill level 3 in Dodging
  2001 | D:3      | Found a basalt altar of Yredelemnul.
  2001 | D:3      | Noticed a weeping skull
  2009 | D:3      | Killed a weeping skull
  2010 | D:3      | Reached XP level 5. HP: 27/29 MP: 7/7
  2227 | D:3      | 2227 ||| READING 2 scrolls of identify.
  2227 | D:3      | 2227 ||| IDENTIFYING scroll labelled JUEB GAISI
  2228 | D:3      | 2228 ||| DROPPING scroll of silence.
  2246 | D:4      | Noticed a lemure
  2246 | D:4      | Noticed a lemure
  2246 | D:4      | Noticed a lemure
  2246 | D:4      | Noticed a lemure
  2247 | D:4      | 2247 ||| STAIRDANCE
  2247 | D:4      | Noticed Pikel
  2358 | D:4      | 2358 ||| RETREEEEATING.
  2361 | D:4      | 2361 ||| RETREEEEATING.
  2362 | D:4      | 2362 ||| RETREEEEATING.
  2363 | D:4      | 2363 ||| RETREEEEATING.
  2364 | D:4      | 2364 ||| RETREEEEATING.
  2365 | D:4      | 2365 ||| RETREEEEATING.
  2366 | D:4      | 2366 ||| RETREEEEATING.
  2372 | D:4      | Killed Pikel
  2373 | D:4      | Reached skill level 11 in Ranged Weapons
  2373 | D:4      | Reached XP level 6. HP: 20/34 MP: 8/8
  2373 | D:4      | Reached XP level 7. HP: 22/38 MP: 9/9
  2853 | D:4      | Noticed Sigmund
  2860 | D:4      | Killed Sigmund
  2930 | D:4      | 2930 ||| READING scroll of identify.
  2930 | D:4      | 2930 ||| IDENTIFYING ruby potion
  2931 | D:4      | 2931 ||| READING scroll labelled ROEQ PAXKOKERE.
  2932 | D:4      | 2932 ||| DROPPING potion of brilliance.
  2972 | D:5      | Entered Level 5 of the Dungeon
  2972 | D:5      | Found Jecas's Jewellery Boutique.
  2979 | D:5      | 2979 ||| SHOPLISTING +6 ring of dexterity (432 gold, have
                  | 320).
  2979 | D:5      | 2979 ||| SHOPLISTING amulet of regeneration (360 gold, have
                  | 320).
  2979 | D:5      | 2979 ||| SHOPLISTING amulet of the acrobat (360 gold, have
                  | 320).
  2979 | D:5      | 2979 ||| SHOPLISTING ring "Dustaf" {^Drain rElec rC+ Str-5
                  | Dex+4} (375 gold, have 320).
  2979 | D:5      | 2979 ||| SHOPLISTING ring of Geplis {Str+3 SInv} (339 gold,
                  | have 320).
  3007 | D:5      | Reached XP level 8. HP: 44/44 MP: 10/10
  3053 | D:5      | Reached skill level 12 in Ranged Weapons
  3058 | D:5      | Found a staircase to the Ecumenical Temple.
  3059 | D:5      | 3059 ||| PLANNING TEMPLE
  3059 | D:5      | 3059 ||| UPGRADING to amulet of regeneration.
  3064 | D:5      | 3064 ||| READING 2 scrolls of identify.
  3064 | D:5      | 3064 ||| IDENTIFYING smoky blue potion
  3065 | D:5      | 3065 ||| DROPPING potion of ambrosia.
  3081 | Temple   | Entered the Ecumenical Temple
  3082 | Temple   | 3082 ||| PLANNING D:1-11
  3130 | D:5      | Found a shimmering blue altar of Sif Muna.
  3136 | D:5      | Found a hazy altar of Hepliaklqana.
  3140 | D:5      | Found an iron altar of Okawaru.
  3141 | D:5      | 3141 ||| PLANNING OKAWARU WORSHIP
  3144 | D:5      | Became a worshipper of Warmaster Okawaru
  3145 | D:5      | 3145 ||| PLANNING D:1-11
  3150 | D:5      | Found a shadowy altar of Dithmenos.
  3209 | D:5      | Found a shimmering altar of Xom.
  3349 | D:5      | 3349 ||| READING scroll of identify.
  3349 | D:5      | 3349 ||| IDENTIFYING red potion
  3350 | D:5      | 3350 ||| READING scroll labelled SAETEP SOCVIY.
  3350 | D:5      | 3350 ||| ENCHANTING +0 arbalest.
  3351 | D:5      | 3351 ||| READING scroll labelled VOOPLU CYWOFF.
  3352 | D:5      | 3352 ||| DROPPING potion of lignification.
  3389 | D:6      | 3389 ||| PLANNING OSSUARY
  3402 | D:6      | Reached skill level 3 in Fighting
  3535 | D:6      | Found a sand-covered staircase.
  3546 | Ossuary  | Entered an ossuary
  3698 | Ossuary  | 3698 ||| READING 4 scrolls of identify.
  3698 | Ossuary  | 3698 ||| IDENTIFYING fizzy white potion
  3699 | Ossuary  | 3699 ||| READING 3 scrolls of identify.
  3699 | Ossuary  | 3699 ||| IDENTIFYING metallic inky potion
  3700 | Ossuary  | 3700 ||| READING 2 scrolls of identify.
  3700 | Ossuary  | 3700 ||| IDENTIFYING brown potion
  3701 | Ossuary  | 3701 ||| DROPPING potion of attraction.
  3702 | Ossuary  | 3702 ||| DROPPING potion of degeneration.
  3725 | D:6      | 3725 ||| PLANNING D:1-11
  3796 | D:6      | Found a blossoming altar of Fedhas.
  3856 | D:6      | Reached skill level 13 in Ranged Weapons
  4094 | D:6      | Reached * piety under Okawaru
  4148 | D:7      | 4148 ||| RETREEEEATING.
  4161 | D:7      | Reached skill level 1 in Invocations
  4161 | D:7      | Reached XP level 9. HP: 24/50 MP: 11/11
  4162 | D:7      | HP: 12/50 [orc wizard/+0 dagger (2)]
  4163 | D:7      | 4163 ||| DRINKING 5 potions of curing.
  4163 | D:7      | 4163 ||| (to cure confusion)
  4224 | D:7      | Reached skill level 14 in Ranged Weapons
  4240 | D:7      | Reached skill level 3 in Invocations
  4338 | D:7      | Reached ** piety under Okawaru
  4396 | D:7      | Noticed Menkaure
  4400 | D:7      | 4400 ||| FLEEEEING.
  4401 | D:7      | 4401 ||| FLEEEEING.
  4402 | D:7      | 4402 ||| FLEEEEING.
  4407 | D:7      | 4407 ||| STAIRDANCE
  4466 | D:7      | Reached skill level 6 in Dodging
  4628 | D:7      | 4628 ||| INVOKING Heroism.
  4755 | D:7      | Noticed a two-headed ogre
  4756 | D:7      | 4756 ||| RETREEEEATING.
  4757 | D:7      | 4757 ||| RETREEEEATING.
  4758 | D:7      | 4758 ||| RETREEEEATING.
  4759 | D:7      | 4759 ||| RETREEEEATING.
  4760 | D:7      | 4760 ||| INVOKING Heroism.
  4761 | D:7      | Noticed a two-headed ogre
  4766 | D:7      | Reached skill level 15 in Ranged Weapons
  4770 | D:7      | Killed a two-headed ogre
  4774 | D:7      | 4774 ||| INVOKING Heroism.
  4775 | D:7      | Killed a two-headed ogre
  4775 | D:7      | Reached *** piety under Okawaru
  4776 | D:7      | Reached XP level 10. HP: 29/58 MP: 12/15
  4901 | D:7      | 4901 ||| FLEEEEING.
  4905 | D:7      | 4905 ||| INVOKING Heroism.
  4908 | D:7      | Killed Menkaure
  4950 | D:7      | 4950 ||| READING 4 scrolls of identify.
  4950 | D:7      | 4950 ||| IDENTIFYING scroll labelled KIRUOJ JEUDANG
  4951 | D:7      | 4951 ||| READING scroll of brand weapon.
  4951 | D:7      | 4951 ||| BRANDING +1 arbalest.
  4996 | D:8      | 4996 ||| Stepping ~*~*~tactically~*~*~ (cloud).
  5012 | D:8      | Found a sacrificial altar of Ru.
  5068 | D:8      | Found a glowing silver altar of Zin.
  5208 | D:8      | 5208 ||| READING scroll of enchant weapon.
  5208 | D:8      | 5208 ||| ENCHANTING +1 heavy arbalest.
  5401 | D:8      | 5401 ||| RETREEEEATING.
  5407 | D:8      | Reached skill level 16 in Ranged Weapons
  5723 | D:8      | 5723 ||| READING 3 scrolls of identify.
  5723 | D:8      | 5723 ||| IDENTIFYING smoky brown potion
  5724 | D:8      | 5724 ||| READING 2 scrolls of identify.
  5724 | D:8      | 5724 ||| IDENTIFYING sapphire potion
  5742 | D:9      | Noticed Jeremiah
  5745 | D:9      | Reached **** piety under Okawaru
  5746 | D:9      | 5746 ||| STAIRDANCE
  5773 | D:9      | Killed Jeremiah
  5954 | D:9      | Found a snail-covered altar of Cheibriados.
  5970 | D:9      | Found a staircase to the Orcish Mines.
  6046 | D:9      | 6046 ||| Stepping ~*~*~tactically~*~*~ (cloud).
  6113 | D:9      | Noticed Psyche
  6120 | D:9      | Killed Psyche
  6121 | D:9      | Reached skill level 17 in Ranged Weapons
  6230 | D:9      | Found a white marble altar of Elyvilon.
  6232 | D:9      | 6232 ||| RETREEEEATING.
  6233 | D:9      | Reached ***** piety under Okawaru
  6235 | D:9      | Reached skill level 6 in Invocations
  6237 | D:9      | 6237 ||| RETREEEEATING.
  6239 | D:9      | 6239 ||| RETREEEEATING.
  6240 | D:9      | 6240 ||| RETREEEEATING.
  6241 | D:9      | 6241 ||| RETREEEEATING.
  6242 | D:9      | 6242 ||| RETREEEEATING.
  6243 | D:9      | 6243 ||| RETREEEEATING.
  6315 | D:9      | Found a bloodstained altar of Trog.
  6319 | D:9      | Noticed a wizard
  6325 | D:9      | Killed a wizard
  6586 | D:9      | 6586 ||| UPGRADING to +0 acid dragon scales.
  6596 | D:9      | 6596 ||| DROPPING +0 ring mail.
  6597 | D:9      | 6597 ||| READING 2 scrolls of identify.
  6597 | D:9      | 6597 ||| IDENTIFYING scroll labelled OMIEZEE BUCUA
  6598 | D:9      | 6598 ||| DROPPING scroll of blinking.
  6657 | D:10     | Entered Level 10 of the Dungeon
  6667 | D:10     | 6667 ||| RETREEEEATING.
  6672 | D:10     | Reached XP level 11. HP: 51/62 MP: 17/17
  6672 | D:10     | 6672 ||| INVOKING Finesse.
  6726 | D:10     | Found a staircase to the Lair.
  6732 | D:10     | Noticed a deep elf pyromancer
  6733 | D:10     | 6733 ||| INVOKING Finesse.
  6766 | D:10     | Noticed an arcanist
  6768 | D:10     | Killed an arcanist
  6769 | D:10     | Noticed a deep elf pyromancer
  6772 | D:10     | 6772 ||| INVOKING Finesse.
  6774 | D:10     | Killed a deep elf pyromancer
  6815 | D:10     | Noticed an arcanist
  6816 | D:10     | 6816 ||| INVOKING Finesse.
  6876 | D:10     | Found Sapsuu's Distillery.
  6887 | D:10     | 6887 ||| BUYING potion of cancellation (136 gold).
  6887 | D:10     | Bought a potion of cancellation for 136 gold pieces
  6887 | D:10     | 6887 ||| BUYING potion of curing (51 gold).
  6887 | D:10     | Bought a potion of curing for 51 gold pieces
  6887 | D:10     | 6887 ||| BUYING potion of haste (170 gold).
  6887 | D:10     | Bought a potion of haste for 170 gold pieces
  6887 | D:10     | 6887 ||| BUYING potion of haste (170 gold).
  6887 | D:10     | Bought a potion of haste for 170 gold pieces
  6887 | D:10     | 6887 ||| BUYING potion of heal wounds (85 gold).
  6887 | D:10     | Bought a potion of heal wounds for 85 gold pieces
  6887 | D:10     | 6887 ||| BUYING potion of heal wounds (85 gold).
  6887 | D:10     | Bought a potion of heal wounds for 85 gold pieces
  6887 | D:10     | 6887 ||| BUYING potion of heal wounds (85 gold).
  6887 | D:10     | Bought a potion of heal wounds for 85 gold pieces
  6887 | D:10     | 6887 ||| BUYING potion of might (68 gold).
  6887 | D:10     | Bought a potion of might for 68 gold pieces
  6887 | D:10     | 6887 ||| SHOPLISTING potion of resistance (170 gold, have
                  | 23).
  6967 | D:10     | Received a gift from Okawaru
  6984 | D:10     | Reached skill level 18 in Ranged Weapons
  7246 | D:10     | Found a stormy altar of Qazlal.
  7360 | D:10     | Noticed a five-headed hydra
  7361 | D:10     | 7361 ||| INVOKING Finesse.
  7364 | D:10     | Killed a five-headed hydra
  7560 | D:10     | 7560 ||| PLANNING LAIR
  7560 | D:10     | 7560 ||| DROPPING amulet of guardian spirit.
  7561 | D:10     | 7561 ||| READING 3 scrolls of identify.
  7561 | D:10     | 7561 ||| IDENTIFYING scroll labelled PIL IBOM ZEPP
  7562 | D:10     | 7562 ||| DROPPING scroll of fog.
  7603 | Lair:1   | Entered Level 1 of the Lair of Beasts
  7603 | Lair:1   | Noticed Maggie
  7606 | Lair:1   | Killed Maggie
  7607 | Lair:1   | Reached skill level 9 in Dodging
  7607 | Lair:1   | Reached skill level 9 in Invocations
  7630 | Lair:1   | Found a transporter.
  7631 | Lair:1   | Noticed a spriggan rider
  7633 | Lair:1   | Noticed qw's ghost (journeyman DEHu)
  7642 | Lair:1   | Noticed a spriggan berserker
  7642 | Lair:1   | Found a transporter.
  7643 | Lair:1   | Found a bloodstained altar of Trog.
  7646 | Lair:1   | Noticed a spriggan rider
  7829 | Lair:1   | Noticed a catoblepas
  7830 | Lair:1   | 7830 ||| RETREEEEATING.
  7831 | Lair:1   | 7831 ||| INVOKING Finesse.
  7832 | Lair:1   | 7832 ||| Stepping ~*~*~tactically~*~*~ (cloud).
  7835 | Lair:1   | Killed a catoblepas
  7837 | Lair:1   | 7837 ||| DRINKING 2 potions of cancellation.
  7838 | Lair:1   | 7838 ||| DRINKING potion of cancellation.
  7839 | Lair:1   | 7839 ||| RETREEEEATING.
  7848 | Lair:1   | 7848 ||| RETREEEEATING.
  7849 | Lair:1   | 7849 ||| RETREEEEATING.
  7850 | Lair:1   | 7850 ||| RETREEEEATING.
  7851 | Lair:1   | 7851 ||| RETREEEEATING.
  7852 | Lair:1   | 7852 ||| RETREEEEATING.
  7853 | Lair:1   | 7853 ||| RETREEEEATING.
  7854 | Lair:1   | 7854 ||| RETREEEEATING.
  7855 | Lair:1   | 7855 ||| RETREEEEATING.
  7856 | Lair:1   | 7856 ||| RETREEEEATING.
  7857 | Lair:1   | 7857 ||| RETREEEEATING.
  7858 | Lair:1   | 7858 ||| RETREEEEATING.
  7859 | Lair:1   | 7859 ||| RETREEEEATING.
  7860 | Lair:1   | 7860 ||| RETREEEEATING.
  7861 | Lair:1   | 7861 ||| RETREEEEATING.
  7862 | Lair:1   | 7862 ||| RETREEEEATING.
  7863 | Lair:1   | 7863 ||| RETREEEEATING.
  7864 | Lair:1   | 7864 ||| RETREEEEATING.
  7865 | Lair:1   | 7865 ||| RETREEEEATING.
  7866 | Lair:1   | 7866 ||| RETREEEEATING.
  7867 | Lair:1   | 7867 ||| RETREEEEATING.
  7868 | Lair:1   | 7868 ||| RETREEEEATING.
  7869 | Lair:1   | 7869 ||| RETREEEEATING.
  7870 | Lair:1   | 7870 ||| RETREEEEATING.
  7871 | Lair:1   | 7871 ||| RETREEEEATING.
  7872 | Lair:1   | 7872 ||| RETREEEEATING.
  7873 | Lair:1   | 7873 ||| RETREEEEATING.
  7874 | Lair:1   | 7874 ||| RETREEEEATING.
  7875 | Lair:1   | 7875 ||| RETREEEEATING.
  7876 | Lair:1   | 7876 ||| RETREEEEATING.
  7877 | Lair:1   | 7877 ||| RETREEEEATING.
  7878 | Lair:1   | 7878 ||| RETREEEEATING.
  7879 | Lair:1   | 7879 ||| RETREEEEATING.
  7880 | Lair:1   | 7880 ||| RETREEEEATING.
  7881 | Lair:1   | 7881 ||| RETREEEEATING.
  7882 | Lair:1   | 7882 ||| RETREEEEATING.
  7883 | Lair:1   | 7883 ||| RETREEEEATING.
  7884 | Lair:1   | 7884 ||| RETREEEEATING.
  7885 | Lair:1   | 7885 ||| RETREEEEATING.
  7886 | Lair:1   | 7886 ||| RETREEEEATING.
  7887 | Lair:1   | 7887 ||| RETREEEEATING.
  7888 | Lair:1   | 7888 ||| RETREEEEATING.
  7889 | Lair:1   | 7889 ||| RETREEEEATING.
  7890 | Lair:1   | 7890 ||| RETREEEEATING.
  7891 | Lair:1   | 7891 ||| RETREEEEATING.
  7892 | Lair:1   | 7892 ||| RETREEEEATING.
  7893 | Lair:1   | 7893 ||| RETREEEEATING.
  7894 | Lair:1   | 7894 ||| RETREEEEATING.
  7895 | Lair:1   | 7895 ||| RETREEEEATING.
  7896 | Lair:1   | 7896 ||| RETREEEEATING.
  7897 | Lair:1   | 7897 ||| RETREEEEATING.
  7898 | Lair:1   | 7898 ||| RETREEEEATING.
  7899 | Lair:1   | 7899 ||| RETREEEEATING.
  7900 | Lair:1   | 7900 ||| RETREEEEATING.
  7901 | Lair:1   | 7901 ||| RETREEEEATING.
  7902 | Lair:1   | 7902 ||| RETREEEEATING.
  7902 | Lair:1   | HP: 13/63 [yak (10)]
  7903 | Lair:1   | 7903 ||| READING 7 scrolls of teleportation.
  7903 | Lair:1   | HP: 2/63 [yak (12)]
  7904 | Lair:1   | 7904 ||| DRINKING 3 potions of heal wounds.
  7905 | Lair:1   | 7905 ||| RETREEEEATING.
  7985 | Lair:1   | 7985 ||| RETREEEEATING.
  7989 | Lair:1   | 7989 ||| RETREEEEATING.
  7994 | Lair:1   | 7994 ||| RETREEEEATING.
  7995 | Lair:1   | 7995 ||| RETREEEEATING.
  7998 | Lair:1   | 7998 ||| RETREEEEATING.
  7999 | Lair:1   | 7999 ||| RETREEEEATING.
  8000 | Lair:1   | 8000 ||| RETREEEEATING.
  8004 | Lair:1   | Received a gift from Okawaru
  8009 | Lair:1   | Reached XP level 12. HP: 63/69 MP: 21/21
  8149 | Lair:1   | Reached skill level 6 in Fighting
  8176 | Lair:1   | 8176 ||| RETREEEEATING.
  8179 | Lair:1   | 8179 ||| RETREEEEATING.
  8182 | Lair:1   | 8182 ||| RETREEEEATING.
  8183 | Lair:1   | 8183 ||| RETREEEEATING.
  8184 | Lair:1   | 8184 ||| RETREEEEATING.
  8391 | Lair:1   | Found the +4 robe of Folly {Brill Will-∞ Int+8}
  8503 | Lair:1   | 8503 ||| READING 5 scrolls of identify.
  8503 | Lair:1   | 8503 ||| IDENTIFYING viscous red potion
  8504 | Lair:1   | 8504 ||| DROPPING potion of berserk rage.
  8529 | Lair:2   | 8529 ||| INVOKING Finesse.
  8530 | Lair:2   | 8530 ||| STAIRDANCE
  8544 | Lair:2   | Reached skill level 3 in Armour
  8544 | Lair:2   | Received a gift from Okawaru
  8550 | Lair:2   | HP: 17/70 [poisoned by a cane toad]
  8552 | Lair:2   | 8552 ||| READING 6 scrolls of teleportation.
  8553 | Lair:2   | 8553 ||| DRINKING 2 potions of heal wounds.
  8555 | Lair:2   | 8555 ||| DRINKING potion of heal wounds.
  8619 | Lair:2   | 8619 ||| RETREEEEATING.
  8620 | Lair:2   | 8620 ||| RETREEEEATING.
  8623 | Lair:2   | 8623 ||| RETREEEEATING.
  8624 | Lair:2   | 8624 ||| RETREEEEATING.
  8625 | Lair:2   | 8625 ||| RETREEEEATING.
  8626 | Lair:2   | 8626 ||| RETREEEEATING.
  8627 | Lair:2   | 8627 ||| RETREEEEATING.
  8628 | Lair:2   | 8628 ||| RETREEEEATING.
  8631 | Lair:2   | 8631 ||| RETREEEEATING.
  8751 | Lair:2   | Found a staircase to the Swamp.
  8753 | Lair:2   | Noticed an eleionoma
  8754 | Lair:2   | 8754 ||| INVOKING Finesse.
  8758 | Lair:2   | Killed an eleionoma
  8759 | Lair:2   | Reached skill level 12 in Dodging
  8923 | Lair:2   | Received a gift from Okawaru
  9013 | Lair:2   | Found a staircase to the Snake Pit.
  9020 | Lair:2   | 9020 ||| INVOKING Finesse.
  9021 | Lair:2   | 9021 ||| INVOKING Heroism.
  9332 | Lair:2   | Found a runed translucent gate.
  9332 | Lair:2   | Found a runed translucent gate.
  9332 | Lair:2   | Found a runed translucent gate.
  9333 | Lair:2   | Noticed a great orb of eyes
  9335 | Lair:2   | Noticed qw's ghost (journeyman GrHu)
  9438 | Lair:2   | Found a viscous altar of Jiyva.
  9440 | Lair:2   | 9440 ||| DROPPING ring of resist corrosion.
  9441 | Lair:2   | 9441 ||| DROPPING ring of protection from cold.
  9442 | Lair:2   | 9442 ||| READING 4 scrolls of identify.
  9442 | Lair:2   | 9442 ||| IDENTIFYING scroll labelled ZEBENI CIBAFOWK
  9443 | Lair:2   | 9443 ||| DROPPING scroll of poison.
  9513 | Lair:3   | Found a frozen archway.
  9529 | Lair:3   | 9529 ||| RETREEEEATING.
  9530 | Lair:3   | 9530 ||| RETREEEEATING.
  9531 | Lair:3   | 9531 ||| RETREEEEATING.
  9532 | Lair:3   | 9532 ||| RETREEEEATING.
  9533 | Lair:3   | 9533 ||| RETREEEEATING.
  9534 | Lair:3   | 9534 ||| RETREEEEATING.
  9535 | Lair:3   | 9535 ||| RETREEEEATING.
  9536 | Lair:3   | 9536 ||| RETREEEEATING.
  9537 | Lair:3   | 9537 ||| RETREEEEATING.
  9561 | Lair:3   | 9561 ||| RETREEEEATING.
  9563 | Lair:3   | 9563 ||| RETREEEEATING.
  9565 | Lair:3   | 9565 ||| RETREEEEATING.
  9610 | Lair:3   | 9610 ||| RETREEEEATING.
  9707 | Lair:3   | Reached XP level 13. HP: 78/78 MP: 22/22
  9852 | Lair:3   | 9852 ||| RETREEEEATING.
  9861 | Lair:3   | 9861 ||| FLEEEEING.
  9862 | Lair:3   | 9862 ||| FLEEEEING.
  9919 | Lair:3   | 9919 ||| INVOKING Finesse.
 10254 | Lair:3   | 10254 ||| RETREEEEATING.
 10436 | Lair:3   | 10436 ||| DROPPING ring of see invisible.
 10437 | Lair:3   | 10437 ||| READING 5 scrolls of identify.
 10437 | Lair:3   | 10437 ||| IDENTIFYING purple potion
 10597 | Lair:4   | Reached skill level 9 in Fighting
 10695 | Lair:4   | HP: 20/80 [poisoned by a cane toad]
 10841 | Lair:4   | 10841 ||| Stepping ~*~*~tactically~*~*~ (cloud).
 10843 | Lair:4   | 10843 ||| Stepping ~*~*~tactically~*~*~ (cloud).
 10845 | Lair:4   | 10845 ||| STAIRDANCE
 10847 | Lair:3   | Received a gift from Okawaru
 11033 | Lair:4   | 11033 ||| RETREEEEATING.
 11041 | Lair:4   | 11041 ||| RETREEEEATING.
 11042 | Lair:4   | 11042 ||| RETREEEEATING.
 11211 | Lair:4   | Found a viscous altar of Jiyva.
 11211 | Lair:4   | Found a staircase to the Slime Pits.
 11438 | Lair:5   | Entered Level 5 of the Lair of Beasts
 11512 | Lair:5   | Reached skill level 15 in Dodging
 11659 | Lair:5   | Received a gift from Okawaru
 11663 | Lair:5   | 11663 ||| RETREEEEATING.
 11665 | Lair:5   | Noticed Urug
 11674 | Lair:5   | Killed Urug
 11674 | Lair:5   | Reached ****** piety under Okawaru
 11721 | Lair:5   | 11721 ||| INVOKING Receive Weapon.
 11721 | Lair:5   | 11721 ||| ACQUIRING +3 longbow of draining
 11721 | Lair:5   | Acquired a +3 longbow of draining
 11721 | Lair:5   | Received a gift from Okawaru
 11722 | Lair:5   | 11722 ||| INVOKING Receive Armour.
 11722 | Lair:5   | 11722 ||| ACQUIRING +0 pair of gloves "Fiseraz" {Str+3
                  | Int-3 Dex+3 Slay+4}
 11722 | Lair:5   | Acquired the +0 pair of gloves "Fiseraz" {Str+3 Int-3 Dex+3
                  | Slay+4}
 11722 | Lair:5   | Received a gift from Okawaru
 11724 | Lair:5   | 11724 ||| SWAPPING to +3 longbow of draining.
 11725 | Lair:5   | 11725 ||| DROPPING +2 heavy arbalest.
 11813 | Lair:5   | 11813 ||| RETREEEEATING.
 11814 | Lair:5   | 11814 ||| RETREEEEATING.
 11817 | Lair:5   | 11817 ||| INVOKING Finesse.
 11895 | Lair:5   | 11895 ||| RETREEEEATING.
 11897 | Lair:5   | 11897 ||| RETREEEEATING.
 11911 | Lair:5   | 11911 ||| FLEEEEING.
 11912 | Lair:5   | 11912 ||| FLEEEEING.
 11913 | Lair:5   | 11913 ||| FLEEEEING.
 11914 | Lair:5   | 11914 ||| FLEEEEING.
 11928 | Lair:5   | 11928 ||| FLEEEEING.
 12026 | Lair:5   | Reached skill level 19 in Ranged Weapons
 12070 | Lair:5   | Found a large runed translucent door.
 12071 | Lair:5   | Found a large runed translucent door.
 12178 | Lair:5   | Received a gift from Okawaru
 12464 | Lair:5   | 12464 ||| PLANNING D:1-11
 12464 | Lair:5   | 12464 ||| UPGRADING to +0 pair of gloves "Fiseraz" {Str+3
                  | Int-3 Dex+3 Slay+4}.
 12469 | Lair:5   | 12469 ||| READING 4 scrolls of identify.
 12469 | Lair:5   | 12469 ||| IDENTIFYING scroll labelled DESOET BUDIAR
 12470 | Lair:5   | 12470 ||| DROPPING scroll of torment.
 12688 | D:11     | Reached XP level 14. HP: 86/86 MP: 23/23
 12757 | D:11     | Found Icij's Tremendous Tomes.
 12913 | D:11     | Reached skill level 20 in Ranged Weapons
 12951 | D:11     | Noticed Fannar
 12960 | D:11     | Killed Fannar
 13233 | D:11     | 13233 ||| READING scroll of brand weapon.
 13233 | D:11     | 13233 ||| BRANDING +3 longbow of draining.
 13398 | D:11     | 13398 ||| Stepping randomly (disturbance).
 13399 | D:11     | 13399 ||| Stepping randomly (disturbance).
 13400 | D:11     | 13400 ||| Stepping randomly (disturbance).
 13401 | D:11     | 13401 ||| Stepping randomly (disturbance).
 13402 | D:11     | 13402 ||| Stepping randomly (disturbance).
 13407 | D:11     | 13407 ||| PLANNING D
 13407 | D:11     | 13407 ||| READING 3 scrolls of identify.
 13407 | D:11     | 13407 ||| IDENTIFYING amethyst potion
 13408 | D:11     | 13408 ||| DROPPING potion of invisibility.
 14097 | D:13     | 14097 ||| RETREEEEATING.
 14098 | D:13     | 14098 ||| INVOKING Finesse.
 14302 | D:13     | Received a gift from Okawaru
 14384 | D:13     | 14384 ||| READING scroll of enchant weapon.
 14384 | D:13     | 14384 ||| ENCHANTING +3 longbow of electrocution.
 15011 | D:14     | Found a gate to the Vaults.
 15289 | D:14     | HP: 21/86 [tengu warrior/+0 war axe (10)]
 15290 | D:14     | 15290 ||| READING 8 scrolls of teleportation.
 15290 | D:14     | HP: 4/86 [tengu warrior/+0 war axe (15)]
 15290 | D:14     | Slain by an eight-headed hydra

Levels and vault maps discovered:
D:1:      dpeg_arrival_rooms_c, layout_loops_ring
D:2:      layout_basic, basic_altar, minmay_misc_feat_nine_boxes,
          minmay_fractal_squares_gapless_5, uniq_terence
D:3:      layout_rooms, yredelemnul_forgotten_temple_becter, marbit_many_paths,
          ebering_ecumenical_altar_box, chequers_serial_rivers_room_a
D:4:      layout_loops_ring, grunt_ministairs_11, minmay_misc_feat_hallway,
          uniq_pikel, uniq_sigmund
D:5:      layout_rooms, xom_teletrap_fun, grunt_temple_overflow_cloverleaf,
          minmay_temple_entry_ruins, serial_shops, shop
D:6:      layout_loops_cross, mainiacjoe_overflow_six_doors_small,
          enter_ossuary_4
D:7:      layout_rooms, nicolae_phantomly_mirrored, uniq_menkaure
D:8:      layout_basic, mainiacjoe_overflow_small_starburst,
          mainiacjoe_overflow_catwalk, serial_curves, eino_curves_01,
          eino_curves_03
D:9:      layout_roguey, lemuel_round_altar, elyvilon_altar_3, trog_wizard,
          orc_0_dummy, uniq_psyche, uniq_jeremiah
D:10:     layout_basic, mainiacjoe_overflow_alcove_1, erik_lair_island,
          serial_shops, nicolae_shop_peninsula, bh_hangedman_babel_library
D:11:     layout_gridville, minmay_liquid_box, nicolae_shop_i_like_big_books,
          uniq_fannar
D:12:     layout_basic, special_room [special_room_orc],
          minmay_misc_feat_enclosed
D:13:     layout_basic, grunt_ministairs_5
D:14:     layout_loops_cross, hellmonk_vaults_attempted_burglary,
          kennysheep_cross_room
Temple:   hellmonk_temple_beads
Lair:1:   layout_loops_ring, gammafunk_ghost_wrathful_warriors,
          dreamdust_deal_with_the_devil, grunt_megastairs_4, uniq_maggie
Lair:2:   layout_regular_city, alex1729_swamp_entry_worm_eleionoma,
          minmay_snake_entry_spellcaster, gammafunk_ghost_ooze, minivault_24,
          nicolae_lair_grove_arrangements, lemuel_fruit_tree
Lair:3:   layout_regular_city, portal_ice_cave_entry_imps,
          small_statue_intersection, pdpol_lair_cavern_descent
Lair:4:   layout_regular_city, dpeg_slime_entry_enclosed, roderic_batcave,
          beast_lair_carwin_8
Lair:5:   cheibrodos_lair_end_hotspot, layout_gridlike, uniq_urug

Skill      XL: |  1  2  3  4  5  6  7  8  9 10 11 12 13 14 |
---------------+-------------------------------------------+-----
Ranged Weapons | 6 7 8 11 13 15 17 18 19 20 | 20.0
Dodging        | 3 4 5 7 10 13 15 16 | 16.9
Fighting       | 2 3 4 5 8 9 |  9.0
Armour         | 2 3 4 5 |  5.0
Invocations    | 1 4 6 10 | 10.0
Stealth        | |  1.2

Action                     |  1- 3 |  4- 6 |  7- 9 | 10-12 | 13-15 || total
---------------------------+-------+-------+-------+-------+-------++-------
   Fire: Shortbow          |    13 |       |       |       |       ||    13
         Arbalest          |    49 |    59 |   269 |   394 |   165 ||   936
         Longbow           |       |       |       |       |   340 ||   340
 Invoke: Heroism           |       |       |     3 |     2 |       ||     5
         Finesse           |       |       |       |     8 |     3 ||    11
         Receive Weapon    |       |       |       |       |     1 ||     1
         Receive Armour    |       |       |       |       |     1 ||     1
    Use: Scroll            |     2 |     5 |     9 |    11 |     6 ||    33
         Potion            |     1 |       |     1 |     5 |       ||     7
 Armour: Scale mail        |    22 |     1 |       |       |       ||    23
         Ring mail         |       |    18 |    86 |    40 |       ||   144
         Acid dragon scale |       |       |       |   130 |   113 ||   243
  Dodge: Dodged            |    11 |    24 |    95 |   245 |   233 ||   608

Table legend:
 A = Non-vault XP
 B = Vault XP
 C = Vault XP percentage of total XP
 D = Non-vault monster count
 E = Vault monster count
 F = Vault count percentage of total count
                 A         B        C        D         E       F
            +---------+---------+-------+---------+---------+-------
      Total |   53853 |   26775 |  33.2 |     355 |     137 |  27.8
            +---------+---------+-------+---------+---------+-------
        D:1 |      10 |       0 |   0.0 |       6 |       0 |   0.0
        D:2 |      54 |      45 |  45.5 |      16 |       5 |  23.8
        D:3 |      68 |     100 |  59.5 |      21 |       3 |  12.5
        D:4 |      27 |     962 |  97.3 |       7 |       4 |  36.4
        D:5 |     510 |       0 |   0.0 |      12 |       0 |   0.0
        D:6 |     700 |       2 |   0.3 |      19 |       2 |   9.5
        D:7 |    1604 |    2038 |  56.0 |      40 |       5 |  11.1
        D:8 |    1702 |       0 |   0.0 |      26 |       0 |   0.0
        D:9 |    2049 |     738 |  26.5 |      15 |       2 |  11.8
       D:10 |    4237 |    2092 |  33.1 |      30 |       9 |  23.1
       D:11 |    3387 |    1624 |  32.4 |      20 |       2 |   9.1
       D:12 |    2836 |     521 |  15.5 |      13 |      16 |  55.2
       D:13 |    2543 |    1701 |  40.1 |       8 |       3 |  27.3
       D:14 |    3332 |     922 |  21.7 |       9 |       1 |  10.0
     Lair:1 |    5894 |    1389 |  19.1 |      22 |       5 |  18.5
     Lair:2 |    7354 |    1504 |  17.0 |      26 |       2 |   7.1
     Lair:3 |    7634 |    2811 |  26.9 |      29 |      22 |  43.1
     Lair:4 |    3741 |    2981 |  44.3 |      16 |      15 |  48.4
     Lair:5 |    6171 |    7192 |  53.8 |      20 |      25 |  55.6
    Ossuary |       0 |     153 | 100.0 |       0 |      16 | 100.0
            +---------+---------+-------+---------+---------+-------
